 Dungeon Crawl Stone Soup version 0.29-a0-338-g1ff7896281 (webtiles) character file.

Game seed: 4267845569513047141

51 Periodic the Skirmisher (level 3, -3/33 HPs)
             Began as a Hill Orc Fighter on Apr 17, 2022.
             Slain by an ogre
             ... wielding a +0 giant spiked club
              (8 damage)
             ... on level 4 of the Dungeon.
             The game lasted 00:12:48 (1121 turns).

Periodic the Skirmisher (Hill Orc Fighter)          Turns: 1121, Time: 00:12:49

Health: -3/33      AC:  7    Str: 20    XL:     3   Next: 81%
Magic:  3/3        EV:  9    Int:  8    God:
Gold:   15         SH:  4    Dex: 10    Spells: 2/2 levels left

rFire   . . .      SeeInvis .   a - +0 war axe
rCold   . . .      Faith    .   c - +0 buckler
rNeg    . . .      Spirit   .   b - +0 scale mail
rPois   .          Reflect  .   (no helmet)
rElec   .          Harm     .   (no cloak)
rCorr   .          Rampage  .   (no gloves)
Will    .....                   (no boots)
Stlth   ..........              (no amulet)
HPRegen 0.11/turn               (no ring)
MPRegen 0.08/turn               (no ring)

@: no status effects
A: no striking features
a: no special abilities


You were on level 4 of the Dungeon.
You visited 1 branch of the dungeon, and saw 3 of its levels.

You collected 15 gold pieces.

Inventory:

Hand Weapons
 a - a +0 war axe (weapon)
Missiles
 i - 31 stones (quivered)
Armour
 b - a +0 scale mail (worn)
 c - a +0 buckler (worn)
 n - a +0 leather armour
Jewellery
 e - an amulet of magic regeneration
 h - an amulet of reflection
Scrolls
 g - a scroll of amnesia {unknown}
 j - a scroll of teleportation {unknown}
 k - 3 scrolls of identify {unknown}
Potions
 d - a potion of might
 f - a potion of curing {unknown}
 l - a potion of invisibility {unknown}
 m - a potion of brilliance {unknown}


   Skills:
 + Level 4.0 Fighting
 + Level 3.6 Axes
 + Level 3.8 Armour
 + Level 0.2 Dodging
 + Level 3.8 Shields


You had 2 spell levels left.
You didn't know any spells.
Your spell library was empty.

Dungeon Overview and Level Annotations

Branches:
Dungeon (2/15)

Altars:


Message History

Found a leather armour.
Found a stone staircase leading down.
You see here a +0 leather armour.
You see here a +0 leather armour.
n - a +0 leather armour A ball python comes into view.
The ball python hisses angrily.
A hobgoblin comes into view.
The hobgoblin shouts!
Keep disrobing? [Y]es or [N]o only, please.
Keep disrobing?
Uppercase [Y]es or [N]o only, please.
Keep disrobing?
You stop removing your armour.
The ogre shouts!
A phantom comes into view.
The ball python bites you but does no damage.
The ball python barely misses you.
You slash the ball python!
You kill the ball python!
You hit the ogre.
The ogre is lightly wounded.
An iguana comes into view.
The ogre hits you with a +0 giant spiked club!
The hobgoblin attacks as you move away! The hobgoblin completely misses you.
The iguana hisses angrily.
The hobgoblin attacks as you move away! The hobgoblin barely misses you.
Found a black potion.
The hobgoblin attacks as you move away!
The hobgoblin hits you but does no damage.
The ogre attacks as you move away!
The ogre hits you with a +0 giant spiked club!
The ogre attacks as you move away! The ogre misses you.
You see here a black potion.
The ogre hits you with a +0 giant spiked club!
* * * LOW HITPOINT WARNING * * *
The ogre attacks as you move away!
The ogre hits you with a +0 giant spiked club!
You die...

.......#.....#
###....##### #.####
#####.####### ###
.>........... ..#
###.....##### #.#
###.....# #.#
........# ####.##
###.....# ##W.g@.###
###.....####...O....#
...........l..!.....#
.###########........#
#........# #........#
#........# ####.#.###
#.#.#


You could see an ogre, a phantom, an iguana and a hobgoblin.

Vanquished Creatures
  2 dart slugs (D:1)
  9 bats (D:1)
  3 endoplasms (D:1)
  5 giant cockroaches (D:1)
  4 goblins (D:1)
  5 hobgoblins (D:1)
  4 jackals (D:4)
  2 quokkas (D:1)
  3 ball pythons
  3 rats
40 creatures vanquished.

Notes
Turn   | Place    | Note
-------+----------+-------------------------------------------
     0 | D:1      | Periodic the Hill Orc Fighter began the quest for the Orb.
     0 | D:1      | Reached XP level 1. HP: 19/19 MP: 1/1
   190 | D:1      | Reached XP level 2. HP: 23/27 MP: 2/2
   327 | D:1      | Reached XP level 3. HP: 30/33 MP: 3/3
   727 | D:1      | Reached skill level 4 in Fighting
  1057 | D:2      | You fall into a shaft and drop 2 floors!
  1100 | D:4      | Noticed an ogre
  1101 | D:4      | Noticed a phantom
  1121 | D:4      | Slain by an ogre

Illustrated notes

Levels and vault maps discovered:
D:1:      moated_graveyard_arrival, layout_loops_ring
D:2:      minmay_alternating_diamond, layout_basic,
          shapermc_ecumenical_altar_flowoftime
D:4:      cheibrodos_helix_gallery, layout_rooms,
          nicolae_overflow_hidden_temple, minmay_hedge_maze,
          uniq_crazy_yiuf_cottage

Skill      XL: |  1  2  3 |
---------------+----------+-----
Axes           | 3 |  3.6
Fighting       | 4 |  4.0
Armour         | |  3.8
Dodging        | |  0.2
Shields        | |  3.8

Action                   || total
-------------------------++-------
Melee: War axe           ||   130
Armor: Scale mail        ||    99
Dodge: Dodged            ||   115
Block: Buckler           ||    36

Table legend: (Time is in decaauts)
 A = Elapsed time spent in this place.
 B = Non-inter-level travel time spent in this place.
 C = Inter-level travel time spent in this place.
 D = Time resting spent in this place.
 E = Time spent auto-exploring this place.
 F = Levels seen in this place.
 G = Mean time per level.
                   A        B        C        D        E       F      G
               +--------+--------+--------+--------+--------+-----+--------+
         Total |   1170 |   1161 |      9 |      0 |      0 |   3 |  390.0 |
       Dungeon |   1170 |   1161 |      9 |      0 |      0 |   3 |  390.0 |
               +--------+--------+--------+--------+--------+-----+--------+

Top non-repeatable levels by time:
     D:1: 1043 daAuts
     D:4: 70 daAuts
     D:2: 56 daAuts
